 Dungeon Crawl Stone Soup version 0.29.1-1-gd02db6906a (webtiles) character file.

Game seed: 5938692580905782746

47 Acheron the Covered (level 3, -2/29 HPs)
             Began as a Human Fighter on Oct 4, 2022.
             Slain by a hobgoblin (3 damage)
             ... on level 5 of the Dungeon.
             The game lasted 00:05:53 (1909 turns).

Acheron the Covered (Human Fighter)                 Turns: 1909, Time: 00:05:54

Health: -2/29      AC:  8    Str: 16    XL:     3   Next: 97%
Magic:  3/3        EV:  9    Int:  8    God:
Gold:   131        SH:  5    Dex: 14    Spells: 2/2 levels left

rFire   . . .      SeeInvis .   a - +2 war axe
rCold   . . .      Faith    .   c - +0 buckler
rNeg    . . .      Spirit   .   b - +0 scale mail
rPois   .          Reflect  .   l - +0 helmet
rElec   .          Harm     .   (no cloak)
rCorr   .          Rampage  .   (no gloves)
Will    .....                   (no boots)
Stlth   ..........              (no amulet)
HPRegen 0.09/turn               (no ring)
MPRegen 0.08/turn               (no ring)

@: no status effects
A: no striking features
a: no special abilities


You were on level 5 of the Dungeon.
You visited 1 branch of the dungeon, and saw 5 of its levels.

You collected 131 gold pieces.

Inventory:

Hand Weapons
 a - a +2 war axe (weapon)
 g - a +0 short sword of freezing
Missiles
 m - 5 poisoned darts (quivered)
Armour
 b - a +0 scale mail (worn)
 c - a +0 buckler (worn)
 l - a +0 helmet (worn)
Jewellery
 k - a ring of fire
Scrolls
 e - 3 scrolls of identify {unknown}
 f - a scroll of teleportation
 i - a scroll of summoning {unknown}
Potions
 d - a potion of might
 h - a potion of brilliance {unknown}
 j - a potion of curing {unknown}
 n - a potion of ambrosia {unknown}


   Skills:
 + Level 3.2 Fighting
 + Level 2.4 Axes
 + Level 3.3 Armour
 * Level 1.3 Dodging
 * Level 1.0 Stealth
 + Level 3.1 Shields


You had 2 spell levels left.
You didn't know any spells.
Your spell library contained the following spells:

 Spells                   Type           Power      Damage    Failure   Level
 Ignite Poison            Fire/Tmut/Pois 0%         N/A       99%         3
 Mephitic Cloud           Conj/Pois/Air  0%         N/A       99%         3
 Freezing Cloud           Conj/Ice/Air   0%         6-21      100%        5


Dungeon Overview and Level Annotations

Branches:
Dungeon (5/15)
 Temple: D:4-7

Altars:

Shops:
D:1 (

Annotations:
D:1 1 transporter
D:3 Ijyb
D:4 exclusion: upstairs, Sigmund


Message History

n - an inky potion You start resting.
A ball python is nearby!
You start resting.
Sigmund is nearby!
The hound barks!
You hear a shout! x2
The hobgoblin hits you but does no damage.
The hound closely misses you. The hobgoblin closely misses you.
The hound stops to sniff the ground.
The hound bites you but does no damage. The hobgoblin attacks as you move away!
The hobgoblin hits you.
* * * LOW HITPOINT WARNING * * *
A lemure and an endoplasm come into view.
The endoplasm quivers.
The hound bites you but does no damage.
The endoplasm moves out of view.
There is an escape hatch in the floor here.
The gnoll shouts!
The hound closely misses you.
The hobgoblin hits you but does no damage.
The hound bites you but does no damage.
You slide downwards.
The hatch slams shut behind you.
You see here a book of Minor Magic.
You slash the hound!
The hound is heavily wounded.
You barely miss the hobgoblin. The hound closely misses you.
The hobgoblin hits you but does no damage.
You block the hound's attack.
The hobgoblin hits you but does no damage.
You barely miss the hound.
The hound is heavily wounded.
You barely miss the hobgoblin. You block the hound's attack.
The hound bites you.
* * * LOW HITPOINT WARNING * * *
The hobgoblin closely misses you.
You barely miss the hound.
The hound is heavily wounded.
You barely miss the hobgoblin. The hound bites you.
* * * LOW HITPOINT WARNING * * *
The hobgoblin hits you.
You die...

### #.. #.# #.#
#.#####.#######
.......@.......
#.....gh....#.#
##.####.###....
..# #.# #.. .
..# ..# ...


You could see a hound and a hobgoblin.

Vanquished Creatures
  An adder (D:2)
  A dart slug (D:2)
  3 endoplasms
  4 goblins
  6 hobgoblins
  5 kobolds
  A quokka (D:2)
  3 ball pythons
  5 bats
  A frilled lizard (D:1)
  3 rats (D:1)
33 creatures vanquished.

Notes
Turn   | Place    | Note
-------+----------+-------------------------------------------
     0 | D:1      | Acheron the Human Fighter began the quest for the Orb.
     0 | D:1      | Reached XP level 1. HP: 18/18 MP: 1/1
    18 | D:1      | Found a faded altar of an unknown god.
   187 | D:1      | Reached XP level 2. HP: 24/24 MP: 2/2
   253 | D:1      | Found Vanoa's Weapon Boutique.
   467 | D:1      | Reached skill level 1 in Dodging
   693 | D:2      | Reached XP level 3. HP: 10/29 MP: 3/3
  1279 | D:2      | Reached skill level 1 in Stealth
  1770 | D:3      | Noticed Ijyb
  1815 | D:4      | Noticed Sigmund
  1822 | D:4      | HP: 1/29 [gnoll/+0 halberd (5)]
  1904 | D:4      | Noticed a lemure
  1905 | D:4      | Noticed a lemure
  1906 | D:5      | Entered Level 5 of the Dungeon
  1909 | D:5      | HP: 1/29 [hound (1)]
  1909 | D:5      | Slain by a hobgoblin

Illustrated notes

Levels and vault maps discovered:
D:1:      spicycebolla_arrival_risky_transporter, layout_basic, serial_shops,
          nicolae_shop_bloodbath_and_beyond, nicolae_ecumenical_lake_church
D:2:      layout_basic
D:3:      layout_basic, uniq_ijyb, uniq_natasha
D:4:      layout_rooms, nicolae_qazlal_eye_of_the_storm,
          minmay_temple_entry_proselytizer, serial_bayou_crossing, uniq_duvessa,
          uniq_pikel, uniq_sigmund
D:5:      layout_loops_ring, nicolae_yredelemnul_ghost_church,
          uniq_crazy_yiuf_cottage, uniq_edmund, uniq_eustachio, uniq_grinder

Skill      XL: |  1  2  3 |
---------------+----------+-----
Dodging        | 1 |  1.3
Stealth        | 1 |  1.0
Fighting       | |  3.2
Axes           | |  2.4
Armour         | |  3.3
Shields        | |  3.1

Action                   || total
-------------------------++-------
Melee: War axe           ||    78
  Use: Scroll            ||     6
Armor: Scale mail        ||    49
Dodge: Dodged            ||    40
Block: Buckler           ||    15
